TOP OF THE 1ST |
Jacksonville Suns batting - Pitching for Altoona Curve : LHP Phil DeCamp
|
Pitching: LHP Phil DeCamp
|
|
Batting: RHB Akira Suzuki
|
0-0: Called Strike 0-1: Called Strike 0-2: Ball 1-2: Ball 2-2: Strikes out looking
|
Batting: RHB Boof Howell
|
0-0: Called Strike 0-1: Ball 1-1: Ball 2-1: Foul Ball, location: 2F 2-2: Ball 3-2: Fly out, F7 (Flyball, 7LS, EV 78.8 MPH)
|
Batting: RHB Miguel Velasco
|
0-0: Called Strike 0-1: Ball 1-1: Hit by Pitch
|
Batting: SHB Matt Moore
|
0-0: Foul Ball, location: 2F 0-1: Swinging Strike 0-2: Ball 1-2: Foul Ball, location: 2F 1-2: Strikes out swinging
|
Top of the 1st over - 0 runs, 0 hits, 0 errors, 1 left on base; Jacksonville 0 - Altoona 0 |
BOTTOM OF THE 1ST |
Altoona Curve batting - Pitching for Jacksonville Suns : RHP Eric Stevenson
|
Pitching: RHP Eric Stevenson
|
|
Batting: RHB Luis Ramos
|
0-0: Ball 1-0: Called Strike 1-1: Ball 2-1: Ball 3-1: Base on Balls
|
Batting: LHB Sammy Roddenberry
|
0-0: Called Strike 0-1: Reached on error, E4 (Groundball, 4S, EV 86.2 MPH) Luis Ramos to second
|
Batting: LHB Ruben Garza
|
0-0: Swinging Strike 0-1: Ball 1-1: Ball 2-1: Fly out, F9 (Flyball, 8RS, EV 80.6 MPH)
|
Batting: RHB Mike Velazquez
|
0-0: Ball Luis Ramos steals 3rd base Sammy Roddenberry to second 1-0: Fly out, F7 (Flyball, 7LS, EV 86.2 MPH) Runner from 3rd tags up, SCORES, throw by LF
|
Batting: LHB Gregg Kellerman
|
0-0: Called Strike 0-1: Foul Ball, location: 2F 0-2: Foul Ball, location: 2F 0-2: Hit by Pitch
|
Batting: LHB Phil DeCamp
|
0-0: Ball 1-0: Ball 2-0: Ball 3-0: Called Strike 3-1: Base on Balls Sammy Roddenberry to third Gregg Kellerman to second
|
Batting: RHB Keiji Nakajima
|
0-0: Swinging Strike 0-1: Ball 1-1: Ball 2-1: Swinging Strike 2-2: Strikes out looking
|
Bottom of the 1st over - 1 run, 0 hits, 1 error, 3 left on base; Jacksonville 0 - Altoona 1 |
TOP OF THE 2ND |
Jacksonville Suns batting - Pitching for Altoona Curve : LHP Phil DeCamp
|
Batting: RHB Tom Thompson
|
0-0: Called Strike 0-1: SINGLE (Line Drive, 7LS, EV 90.6 MPH)
|
Batting: LHB Dong-u Chang
|
0-0: Ball 1-0: Swinging Strike 1-1: Foul Ball, location: 2F 1-2: Ball 2-2: Fly out, F7 (Flyball, 7, EV 88.8 MPH)
|
Batting: RHB Alberto Bravo
|
0-0: Called Strike 0-1: Ball 1-1: Foul Ball, location: 2F 1-2: SINGLE (Groundball, 56D, EV 101.2 MPH) Tom Thompson to second
|
Batting: LHB Orlando Rivera
|
0-0: Ball 1-0: Called Strike 1-1: Called Strike 1-2: Ball 2-2: Foul Ball, location: 2F 2-2: Ball 3-2: Strikes out swinging
|
Batting: LHB Emilio Cordero
|
0-0: Called Strike 0-1: Hit by Pitch Tom Thompson to third Alberto Bravo to second
|
Batting: RHB Akira Suzuki
|
0-0: Fly out, F7 (Flyball, 78M, EV 72.5 MPH)
|
Top of the 2nd over - 0 runs, 2 hits, 0 errors, 3 left on base; Jacksonville 0 - Altoona 1 |
BOTTOM OF THE 2ND |
Altoona Curve batting - Pitching for Jacksonville Suns : RHP Eric Stevenson
|
Batting: RHB Pleun Smit
|
0-0: Ball 1-0: Ground out 4-3 (Groundball, 4D, EV 101.2 MPH)
|
Batting: RHB Slamet Pamungkas
|
0-0: Foul Ball, location: 2F 0-1: SINGLE (Groundball, 3S, EV 65.0 MPH) (infield hit)
|
Batting: RHB Luis Ramos
|
0-0: Called Strike Slamet Pamungkas steals 2nd base 0-1: Ball 1-1: Called Strike 1-2: Ball 2-2: Fly out, F7 (Flyball, 7, EV 91.2 MPH)
|
Batting: LHB Sammy Roddenberry
|
0-0: Foul Ball, location: 2F 0-1: Ball 1-1: Ball 2-1: Swinging Strike 2-2: Foul Ball, location: 2F 2-2: Ball 3-2: Fly out, F8 (Flyball, 8RXD, EV 106.2 MPH)
|
Bottom of the 2nd over - 0 runs, 1 hit, 0 errors, 1 left on base; Jacksonville 0 - Altoona 1 |
TOP OF THE 3RD |
Jacksonville Suns batting - Pitching for Altoona Curve : LHP Phil DeCamp
|
Batting: RHB Boof Howell
|
0-0: Called Strike 0-1: Foul Ball, location: 2F 0-2: Foul Ball, location: 2F 0-2: Strikes out swinging
|
Batting: RHB Miguel Velasco
|
0-0: Foul Ball, location: 2F 0-1: Ball 1-1: Swinging Strike 1-2: Ball 2-2: Ball 3-2: SINGLE (Groundball, 6MD, EV 106.2 MPH)
|
Batting: SHB Matt Moore
|
0-0: Swinging Strike 0-1: Called Strike 0-2: Ball 1-2: Fly out, F7 (Flyball, 7S, EV 88.1 MPH)
|
Batting: RHB Tom Thompson
|
0-0: Ball 1-0: Fly out, F5 (Line Drive, 5L, EV 68.8 MPH)
|
Top of the 3rd over - 0 runs, 1 hit, 0 errors, 1 left on base; Jacksonville 0 - Altoona 1 |
BOTTOM OF THE 3RD |
Altoona Curve batting - Pitching for Jacksonville Suns : RHP Eric Stevenson
|
Batting: LHB Ruben Garza
|
0-0: Called Strike 0-1: Foul Ball, location: 2F 0-2: SINGLE (Groundball, 34S, EV 62.5 MPH) (infield hit)
|
Batting: RHB Mike Velazquez
|
0-0: Called Strike 0-1: Ball 1-1: SINGLE (Groundball, 6MD, EV 98.1 MPH) Ruben Garza to second
|
Batting: LHB Gregg Kellerman
|
0-0: Ball 1-0: Swinging Strike 1-1: Fly out, F9 (Flyball, 9, EV 82.5 MPH)
|
Batting: LHB Phil DeCamp
|
0-0: Called Strike 0-1: Ball 1-1: Ball 2-1: Called Strike 2-2: Foul Ball, location: 2F 2-2: SINGLE (Groundball, 4M, EV 107.5 MPH) (infield hit) Ruben Garza to third Mike Velazquez to second
|
Batting: RHB Keiji Nakajima
|
0-0: Fielders Choice at 3rd, U5 (Groundball, 5L, EV 91.2 MPH) Ruben Garza scores Phil DeCamp to second
|
Batting: RHB Pleun Smit
|
0-0: Ball 1-0: Fly out, F3 (Popup, 3SF, EV 75.0 MPH)
|
Bottom of the 3rd over - 1 run, 3 hits, 0 errors, 2 left on base; Jacksonville 0 - Altoona 2 |
TOP OF THE 4TH |
Jacksonville Suns batting - Pitching for Altoona Curve : LHP Phil DeCamp
|
Batting: LHB Dong-u Chang
|
0-0: Swinging Strike 0-1: Ground out 6-3 (Groundball, 56, EV 96.2 MPH)
|
Batting: RHB Alberto Bravo
|
0-0: Called Strike 0-1: Ground out 1-3 (Groundball, 15S, EV 68.8 MPH)
|
Batting: LHB Orlando Rivera
|
0-0: Swinging Strike 0-1: Ball 1-1: Ball 2-1: Swinging Strike 2-2: Foul Ball, location: 2F 2-2: Ball 3-2: Fly out, F7 (Flyball, 7S, EV 92.5 MPH)
|
Top of the 4th over - 0 runs, 0 hits, 0 errors, 0 left on base; Jacksonville 0 - Altoona 2 |
BOTTOM OF THE 4TH |
Altoona Curve batting - Pitching for Jacksonville Suns : RHP Eric Stevenson
|
Batting: RHB Slamet Pamungkas
|
0-0: Ball 1-0: Ground out 5-3 (Groundball, 15, EV 86.2 MPH)
|
Batting: RHB Luis Ramos
|
0-0: Called Strike 0-1: Ball 1-1: Called Strike 1-2: Fly out, F8 (Line Drive, 8LS, EV 86.9 MPH)
|
Batting: LHB Sammy Roddenberry
|
0-0: Called Strike 0-1: Called Strike 0-2: Foul Ball, location: 2F 0-2: Fly out, F9 (Flyball, 9S, EV 92.5 MPH)
|
Bottom of the 4th over - 0 runs, 0 hits, 0 errors, 0 left on base; Jacksonville 0 - Altoona 2 |
TOP OF THE 5TH |
Jacksonville Suns batting - Pitching for Altoona Curve : LHP Phil DeCamp
|
Batting: LHB Emilio Cordero
|
0-0: Ground out 2-3 (Groundball, 15S, EV 67.5 MPH)
|
Batting: RHB Akira Suzuki
|
0-0: Ball 1-0: Ball 2-0: Fly out, F3 (Popup, 3SF, EV 78.1 MPH)
|
Batting: RHB Boof Howell
|
0-0: Called Strike 0-1: Swinging Strike 0-2: Foul Ball, location: 2F 0-2: Strikes out swinging
|
Top of the 5th over - 0 runs, 0 hits, 0 errors, 0 left on base; Jacksonville 0 - Altoona 2 |
BOTTOM OF THE 5TH |
Altoona Curve batting - Pitching for Jacksonville Suns : RHP Eric Stevenson
|
Batting: LHB Ruben Garza
|
0-0: Called Strike 0-1: Foul Ball, location: 2F 0-2: Ball 1-2: Strikes out swinging
|
Batting: RHB Mike Velazquez
|
0-0: Called Strike 0-1: Foul Ball, location: 2F 0-2: Ball 1-2: SOLO HOME RUN (Flyball, 7D, EV 96.2 MPH), Distance : 376 ft
|
Batting: LHB Gregg Kellerman
|
0-0: Foul Ball, location: 2F 0-1: Ball 1-1: Ground out 4-3 (Groundball, 4S, EV 83.8 MPH)
|
Batting: LHB Phil DeCamp
|
0-0: Fly out, F7 (Flyball, 7, EV 74.4 MPH)
|
Bottom of the 5th over - 1 run, 1 hit, 0 errors, 0 left on base; Jacksonville 0 - Altoona 3 |
TOP OF THE 6TH |
Jacksonville Suns batting - Pitching for Altoona Curve : LHP Phil DeCamp
|
Batting: RHB Miguel Velasco
|
0-0: Ground out 6-3 (Groundball, 6M, EV 80.6 MPH)
|
Batting: SHB Matt Moore
|
0-0: Foul Ball, location: 2F 0-1: Fly out, F7 (Line Drive, 78M, EV 85.6 MPH)
|
Batting: RHB Tom Thompson
|
0-0: Ball 1-0: Ground out 4-3 (Groundball, 4M, EV 98.8 MPH)
|
Top of the 6th over - 0 runs, 0 hits, 0 errors, 0 left on base; Jacksonville 0 - Altoona 3 |
BOTTOM OF THE 6TH |
Altoona Curve batting - Pitching for Jacksonville Suns : RHP Eric Stevenson
|
Batting: RHB Keiji Nakajima
|
0-0: Called Strike 0-1: Called Strike 0-2: Ball 1-2: Fly out, F4 (Line Drive, 4MD, EV 75.6 MPH)
|
Batting: RHB Pleun Smit
|
0-0: Foul Ball, location: 2F 0-1: Swinging Strike 0-2: Strikes out swinging, 2-3 out at first.
|
Batting: RHB Slamet Pamungkas
|
0-0: Ball 1-0: Ground out 2-3 (Groundball, 13S, EV 72.5 MPH)
|
Bottom of the 6th over - 0 runs, 0 hits, 0 errors, 0 left on base; Jacksonville 0 - Altoona 3 |
TOP OF THE 7TH |
Jacksonville Suns batting - Pitching for Altoona Curve : LHP Phil DeCamp
|
Batting: LHB Dong-u Chang
|
0-0: Ball 1-0: Foul Ball, location: 2F 1-1: Ball 2-1: Ground out 4-3 (Groundball, 4, EV 85.6 MPH)
|
Batting: RHB Alberto Bravo
|
0-0: Ball 1-0: Ground out 5-3 (Groundball, 56S, EV 82.5 MPH)
|
Batting: LHB Orlando Rivera
|
0-0: Ground out 4-3 (Groundball, 4, EV 88.8 MPH)
|
Top of the 7th over - 0 runs, 0 hits, 0 errors, 0 left on base; Jacksonville 0 - Altoona 3 |
BOTTOM OF THE 7TH |
Altoona Curve batting - Pitching for Jacksonville Suns : RHP Eric Stevenson
|
Batting: RHB Luis Ramos
|
0-0: Called Strike 0-1: Foul Ball, location: 2F 0-2: Foul Ball, location: 2F 0-2: Ball 1-2: Ball 2-2: Strikes out looking
|
Pitching: RHP Matt Alexander
|
|
Batting: LHB Sammy Roddenberry
|
0-0: Called Strike 0-1: Ball 1-1: Called Strike 1-2: Ball 2-2: Ball 3-2: Foul Ball, location: 2F 3-2: Base on Balls
|
Batting: LHB Ruben Garza
|
0-0: Ball 1-0: Ball 2-0: Fielders Choice at 2nd, 1-6 (Groundball, P, EV 66.9 MPH)
|
Batting: RHB Mike Velazquez
|
0-0: Called Strike 0-1: Fly out, F9 (Flyball, 9LM, EV 90.6 MPH)
|
Bottom of the 7th over - 0 runs, 0 hits, 0 errors, 1 left on base; Jacksonville 0 - Altoona 3 |
TOP OF THE 8TH |
Jacksonville Suns batting - Pitching for Altoona Curve : LHP Phil DeCamp
|
Batting: LHB Emilio Cordero
|
0-0: Ball 1-0: Ball 2-0: Ball 3-0: Called Strike 3-1: Base on Balls
|
Batting: RHB Akira Suzuki
|
0-0: Ball 1-0: Fielders Choice at 2nd, 3-6 (Groundball, 3, EV 76.9 MPH)
|
Batting: RHB Boof Howell
|
0-0: Fly out, F7 (Flyball, 7LS, EV 90.0 MPH)
|
Batting: RHB Miguel Velasco
|
0-0: Ground out 1-3 (Groundball, 23, EV 66.2 MPH)
|
Top of the 8th over - 0 runs, 0 hits, 0 errors, 1 left on base; Jacksonville 0 - Altoona 3 |
BOTTOM OF THE 8TH |
Altoona Curve batting - Pitching for Jacksonville Suns : RHP Matt Alexander
|
Pitching: RHP Campbell Wagenmakers
|
|
Batting: LHB Gregg Kellerman
|
0-0: Called Strike 0-1: Foul Ball, location: 2F 0-2: Ground out 1-3 (Groundball, 13, EV 66.2 MPH)
|
Batting: LHB Phil DeCamp
|
0-0: Ball 1-0: Ground out 6-3 (Groundball, 4M, EV 101.2 MPH)
|
Batting: RHB Keiji Nakajima
|
0-0: Ball 1-0: Swinging Strike 1-1: Swinging Strike 1-2: Ball 2-2: SINGLE (Groundball, 6D, EV 109.4 MPH)
|
Batting: RHB Pleun Smit
|
0-0: Ball 1-0: Called Strike 1-1: Ball 2-1: Called Strike 2-2: Foul Ball, location: 2F 2-2: Foul Ball, location: 2F 2-2: SINGLE (Groundball, 6D, EV 99.4 MPH) Keiji Nakajima to second Runner from 2nd tries for 3rd, SAFE, throw by CF made to third
|
Batting: RHB Slamet Pamungkas
|
0-0: Ball 1-0: Foul Ball, location: 2F 1-1: Foul Ball, location: 2F 1-2: TRIPLE (Flyball, 78XD, EV 91.2 MPH) Keiji Nakajima scores Pleun Smit scores
|
Batting: RHB Luis Ramos
|
0-0: Swinging Strike 0-1: Foul Ball, location: 2F 0-2: Fly out, F9 (Flyball, 89S, EV 86.2 MPH)
|
Bottom of the 8th over - 2 runs, 3 hits, 0 errors, 1 left on base; Jacksonville 0 - Altoona 5 |
TOP OF THE 9TH |
Jacksonville Suns batting - Pitching for Altoona Curve : LHP Phil DeCamp
|
Batting: SHB Matt Moore
|
0-0: Ball 1-0: Called Strike 1-1: Foul Ball, location: 2F 1-2: Ball 2-2: Fly out, F7 (Line Drive, 7, EV 87.5 MPH)
|
Batting: RHB Tom Thompson
|
0-0: Ball 1-0: Ground out 6-3 (Groundball, 6MS, EV 78.1 MPH)
|
Batting: LHB Dong-u Chang
|
0-0: Foul Ball, location: 2F 0-1: Ground out 6-3 (Groundball, 6, EV 83.8 MPH)
|
Top of the 9th over - 0 runs, 0 hits, 0 errors, 0 left on base; Jacksonville 0 - Altoona 5 |
|